 Dungeon Crawl Stone Soup version 0.27.1-33-g824d729ab1 (webtiles) character file.

Game seed: 10230603363900053504

1245 demibob the Poker (level 8, -7/58 HPs)
             Began as a Demonspawn Chaos Knight on Nov 26, 2021.
             Was a Plaything of Xom.
             Mangled by Duvessa (10 damage)
             ... on level 6 of the Dungeon.
             The game lasted 00:08:34 (4657 turns).

demibob the Poker (Demonspawn Chaos Knight)         Turns: 4657, Time: 00:08:35

Health: -7/58      AC:  9    Str: 14    XL:     8   Next: 25%
Magic:  8/8        EV: 16    Int: 13    God:    Xom [....*.]
Gold:   237        SH:  0    Dex: 14    Spells: 7/7 levels left

rFire    . . .     SeeInvis .   a - +0 spear (chaos)
rCold    . . .     Faith    .   (no shield)
rNeg     . . .     Spirit   .   b - +2 leather armour
rPois    .         Reflect  .   (helmet restricted)
rElec    .         Harm     .   (no cloak)
rCorr    +         Rampage  .   (no gloves)
Will     .....                  c - +1 pair of boots
Stlth    +.........             f - amulet of regeneration
HPRegen  1.19/turn              R - ring of resist corrosion
MPRegen  0.11/turn              (no ring)

@: agile, lit by a corona, cleaving, hasted, glowing, very quick
A: horns 1, thin metallic scales 1, powered by pain 1
a: Renounce Religion


You were on level 6 of the Dungeon.
You worshipped Xom.
You were a beloved toy of Xom.
You visited 1 branch of the dungeon, and saw 6 of its levels.

You collected 237 gold pieces.


Innate Abilities, Weirdness & Mutations

You have a pair of small horns on your head.
You are partially covered in thin metallic scales. (AC +2)
You sometimes gain a little power by taking damage.


   Skills:
 - Level 3.0 Fighting
 + Level 7.1 Polearms
 + Level 6.1 Throwing
 - Level 1.7 Armour
 - Level 0.8 Dodging


You had 7 spell levels left.
You didn't know any spells.
Your spell library contained the following spells:

 Spells                   Type           Power      Damage    Failure   Level
 Frozen Ramparts          Ice            0%         1d2       75%         3
 Ice Form                 Ice/Tmut       0%         N/A       98%         4
 Summon Ice Beast         Ice/Summ       0%         N/A       98%         4

Inventory:

Hand Weapons
 a - a +0 spear of chaos (weapon)
Missiles
 e - 2 poisoned darts (quivered)
Armour
 b - a +2 leather armour (worn)
 c - a +1 pair of boots (worn)
Magical Staves
 d - a staff of death {!a}
 m - a staff of fire {!a}
Jewellery
 f - an amulet of regeneration (around neck)
 R - a ring of resist corrosion (left hand)
Wands
 j - a wand of acid (6)
Scrolls
 l - a scroll of identify {@r1}
Potions
 g - a potion of flight
 k - a potion of curing {unknown}

Dungeon Overview and Level Annotations

Branches:
Dungeon (6/15)
 Temple: D:4-7

Altars:
Elyvilon
Makhleb
Ru
Xom
Zin

Annotations:
D:6 Duvessa

#......(.......
##......))......
#...............
##............... #
#...............# .##.
#..b.(..........# ....##
#..............##
......####..............#
.......#e@.............##
..(...b)####........####
>.....).## ########..#
.........# #.# ....(....#
#. .........# ...o..[..#
.(.o((.(.# ..........


You could see Duvessa (berserk, corroded, ally target).


Message History

Duvessa is heavily wounded. "Have a taste of chaos, mortal."
Duvessa's +0 rapier erupts in a glittering mayhem of colour.
Duvessa hits you with a +0 rapier of chaos!
* * * LOW HITPOINT WARNING * * *
A shower of butterflies erupts from you!
You focus on the pain.
You feel agile all of a sudden.
You are electrocuted!
* * * LOW HITPOINT WARNING * * *
You focus on the pain.
You feel more agile all of a sudden.
An orc comes into view. It is wielding a +0 club.
Okay, then.
Okay, then.
You barely miss Duvessa. You headbutt Duvessa.
Duvessa is heavily wounded.
Duvessa closely misses you.
An orc comes into view.
It is wielding a +0 whip. "Go forth and cause havoc, mortal!"
You feel yourself speed up.
You are now a beloved toy of Xom.
Duvessa hits you with a +0 rapier of chaos.
* * * LOW HITPOINT WARNING * * *
Duvessa freezes you.
* * * LOW HITPOINT WARNING * * *
You hit Duvessa. You burn Duvessa. Your headbutt misses Duvessa.
Duvessa is severely wounded.
Duvessa hits you with a +0 rapier of chaos!
You die...

Skill      XL: |  1  2  3  4  5  6  7  8 |
---------------+-------------------------+-----
Polearms       | 3 4 5 6 7 |  7.1
Throwing       | 1 2 3 4 5 6 |  6.1
Fighting       | |  3.0
Armour         | |  1.7
Dodging        | |  0.8

Action                   |  1- 3 |  4- 6 |  7- 9 || total
-------------------------+-------+-------+-------++-------
Melee: Spear             |   109 |   177 |   138 ||   424
       Headbutt          |     7 |    30 |    26 ||    63
Throw: Dart              |       |    16 |    48 ||    64
Evoke: Wand              |       |       |     5 ||     5
  Use: Potion            |     1 |     3 |     2 ||     6
       Scroll            |       |     6 |     4 ||    10
 Stab: Sleeping          |     4 |       |       ||     4
       Distracted        |       |     1 |       ||     1
       Paralysed         |       |     1 |       ||     1
Armor: Leather armour    |    33 |    34 |    37 ||   104
Dodge: Dodged            |    64 |    80 |    58 ||   202

Levels and vault maps discovered:
D:1:      lightli_arrival_statuegarden, layout_loops_corners,
          hellmonk_ecumenical_altar_arch_garden
D:2:      layout_basic
D:3:      layout_loops_ring, nicolae_overflow_crystal_walls, uniq_natasha
D:4:      layout_basic, hangedman_ru_absence
D:5:      layout_rooms, nicolae_elyvilon_peaceful_grove, zin_angel,
          saegor_snake_ambush
D:6:      minmay_flawed_box, layout_cave_pods, minmay_temple_entry_purple_smoke,
          uniq_edmund, uniq_duvessa

Notes
Turn   | Place    | Note
-------+----------+-------------------------------------------
     0 | D:1      | demibob the Demonspawn Chaos Knight began the quest for the
                  | Orb.
     0 | D:1      | Reached XP level 1. HP: 18/18 MP: 1/1
    50 | D:1      | Reached skill level 3 in Polearms
   249 | D:1      | Gained mutation: You have a pair of small horns on your
                  | head. [demonic ancestry]
   249 | D:1      | Reached XP level 2. HP: 22/24 MP: 2/2
   446 | D:1      | XOM: silly message
   458 | D:1      | Found a faded altar of an unknown god.
   475 | D:1      | Reached skill level 1 in Throwing
   657 | D:1      | XOM: silly message
   695 | D:1      | Reached XP level 3. HP: 29/29 MP: 3/3
   766 | D:1      | You fall into a shaft and drop 1 floor!
   779 | D:2      | XOM: 8-stop teleportation journey
  1304 | D:2      | Gained mutation: You sometimes gain a little power by
                  | taking damage. [demonic ancestry]
  1304 | D:2      | Reached XP level 4. HP: 11/35 MP: 4/4
  1770 | D:2      | Reached skill level 4 in Polearms
  1770 | D:2      | Reached skill level 2 in Throwing
  2203 | D:3      | Reached XP level 5. HP: 41/41 MP: 5/5
  2222 | D:3      | Found a burning altar of Makhleb.
  2433 | D:3      | Noticed Natasha
  2433 | D:3      | XOM: 2-stop teleportation journey
  2484 | D:3      | Killed Natasha
  2542 | D:3      | Noticed Natasha
  2549 | D:3      | Killed Natasha
  2550 | D:3      | Reached skill level 3 in Throwing
  2874 | D:4      | Reached XP level 6. HP: 40/47 MP: 6/6
  2879 | D:4      | Reached skill level 5 in Polearms
  2985 | D:4      | XOM: god gift: wand of acid (11)
  2991 | D:4      | HP: 4/47 [phantom (11)]
  2994 | D:4      | XOM: smoke on damage
  2996 | D:4      | Reached skill level 4 in Throwing
  3058 | D:4      | Found a sacrificial altar of Ru.
  3339 | D:4      | XOM: summons 4 friendly demons
  3345 | D:4      | Gained mutation: You are partially covered in thin metallic
                  | scales. (AC +2) [demonic ancestry]
  3345 | D:4      | Reached XP level 7. HP: 52/52 MP: 7/7
  3390 | D:4      | XOM: scenery: create altars
  3523 | D:5      | Entered Level 5 of the Dungeon
  3530 | D:5      | XOM: summons 3 hostile demons
  3606 | D:5      | XOM: 2-stop teleportation journey
  3611 | D:5      | Reached skill level 6 in Polearms
  3656 | D:5      | Reached skill level 5 in Throwing
  3734 | D:5      | XOM: enchant monster (bad)
  3776 | D:5      | XOM: summons 6 friendly demons
  3884 | D:5      | XOM: noise
  4139 | D:5      | Noticed an angel
  4306 | D:6      | Noticed Edmund
  4313 | D:6      | XOM: enchant monster (good)
  4318 | D:6      | Killed Edmund
  4319 | D:6      | Reached XP level 8. HP: 37/58 MP: 8/8
  4464 | D:6      | XOM: silly message
  4505 | D:6      | XOM: scenery: create altars
  4602 | D:6      | Reached skill level 7 in Polearms
  4602 | D:6      | Reached skill level 6 in Throwing
  4628 | D:6      | Noticed Dowan
  4628 | D:6      | Noticed Duvessa
  4646 | D:6      | Killed Dowan
  4652 | D:6      | XOM: cleaving
  4654 | D:6      | XOM: chaos upgrade
  4654 | D:6      | XOM: butterfly on damage
  4656 | D:6      | XOM: potion effect (haste)
  4656 | D:6      | HP: 5/58 [Duvessa (4)]
  4657 | D:6      | Mangled by Duvessa

Vanquished Creatures
  Edmund (D:6)
  An ice beast (D:6)
  A centaur (D:5)
  A phantom (D:4)
  A gnoll sergeant (D:5)
  A scorpion (D:4)
  A water moccasin skeleton (D:4)
  Dowan (D:6)
  A howler monkey (D:2)
  A jelly (D:6)
  2 orc priests
  A bullfrog skeleton (D:5)
  An iguana (D:5)
  Natasha (twice) (D:3)
  An orc wizard (D:6)
  8 adders
  8 gnolls
  A shadow imp (D:3)
  An adder skeleton (D:4)
  6 dart slugs
  8 orcs
  10 ball pythons
  8 bats
  8 endoplasms
  7 giant cockroaches
  9 goblins
  5 hobgoblins
  3 jackals (D:3)
  2 quokkas
  3 frilled lizards
  4 kobolds
  4 rats
112 creatures vanquished.

Vanquished Creatures (collateral kills)
  A water moccasin (D:5)
  An ogre (D:4)
2 creatures vanquished.

Vanquished Creatures (others)
  A butterfly (D:5)
  A plant (D:5)
2 creatures vanquished.

Grand Total: 116 creatures vanquished

Table legend: (Time is in decaauts)
 A = Elapsed time spent in this place.
 B = Non-inter-level travel time spent in this place.
 C = Inter-level travel time spent in this place.
 D = Time resting spent in this place.
 E = Time spent auto-exploring this place.
 F = Levels seen in this place.
 G = Mean time per level.
                   A        B        C        D        E       F      G
               +--------+--------+--------+--------+--------+-----+--------+
         Total |   4622 |   4480 |    142 |    362 |   3318 |   6 |  770.3 |
       Dungeon |   4622 |   4480 |    142 |    362 |   3318 |   6 |  770.3 |
               +--------+--------+--------+--------+--------+-----+--------+

Top non-repeatable levels by time:
     D:2: 1178 daAuts
     D:1: 970 daAuts
     D:5: 787 daAuts
     D:4: 689 daAuts
     D:3: 666 daAuts
     D:6: 329 daAuts

Table legend:
 A = Non-vault XP
 B = Vault XP
 C = Vault XP percentage of total XP
 D = Non-vault monster count
 E = Vault monster count
 F = Vault count percentage of total count
                 A         B        C        D         E       F
            +---------+---------+-------+---------+---------+-------
      Total |    1453 |     326 |  18.3 |     107 |       8 |   7.0
            +---------+---------+-------+---------+---------+-------
        D:1 |      48 |       0 |   0.0 |      26 |       0 |   0.0
        D:2 |     136 |       0 |   0.0 |      19 |       0 |   0.0
        D:3 |     100 |      36 |  26.5 |      19 |       1 |   5.0
        D:4 |     459 |       0 |   0.0 |      23 |       0 |   0.0
        D:5 |     489 |      29 |   5.6 |      14 |       4 |  22.2
        D:6 |     221 |     261 |  54.1 |       6 |       3 |  33.3
            +---------+---------+-------+---------+---------+-------
